 Dungeon Crawl Stone Soup version 0.22.1-2-g9c5b331383 (webtiles) character file.

1141 Gargoyl the Chopper (level 8, 0/67 HPs)
             Began as a Centaur Abyssal Knight on Jan 6, 2019.
             Was a Priest of Lugonu.
             Slain by an orc warrior
             ... wielding a +0 war axe
              (8 damage)
             ... on level 6 of the Dungeon.
             The game lasted 00:15:23 (7816 turns).

Gargoyl the Chopper (Centaur Abyssal Knight)        Turns: 7816, Time: 00:15:24

Health: 0/67       AC: 12    Str: 14 (15) XL:     8   Next: 14%
Magic:  11/11      EV: 10    Int: 10 (11) God:    Lugonu [***...]
Gold:   337        SH:  0    Dex: 11      Spells: 7/7 levels left

rFire    . . .     SeeInvis .   a - +2 hand axe
rCold    . . .     Gourm    .   (no shield)
rNeg     . . .     Faith    .   b - +1 leather armour
rPois    .         Spirit   .   r - +0 helmet
rElec    .         Reflect  .   q - +2 cloak
rCorr    .         Harm     .   g - +1 pair of gloves
MR       .....                  (no barding)
Stlth    +.........             (no amulet)
HPRegen  0.21/turn              (no ring)
MPRegen  0.12/turn              (no ring)

@: very quick
A: large, hooves 3, deformed body, speed 2, tough skin 3
a: Depart the Abyss, Bend Space, Banish, Renounce Religion


You were on level 6 of the Dungeon.
You worshipped Lugonu.
Lugonu was most pleased with you.
You were hungry.

You visited 1 branch of the dungeon, and saw 7 of its levels.
You visited the Abyss 1 time.

You collected 337 gold pieces.

Inventory:

Hand Weapons
 a - a +2 hand axe (weapon)
 f - a +1 trident of venom
Armour
 b - a +1 leather armour (worn)
 g - a +1 pair of gloves (worn)
 q - a +2 cloak (worn)
 r - a +0 helmet (worn)
Wands
 k - a wand of scattershot (5)
Scrolls
 d - 4 scrolls of identify
 h - 4 scrolls of remove curse
 j - a scroll of blinking
 o - 2 scrolls of magic mapping
Potions
 e - a potion of brilliance
 i - 2 potions of flight
 l - a potion of lignification
Comestibles
 c - 15 rations


   Skills:
 + Level 4.7 Fighting
 + Level 5.1 Axes
 * Level 3.1 Armour
 * Level 3.5 Dodging
 * Level 4.4 Invocations


You had 7 spell levels left.
You didn't know any spells.
Your spell library was empty.

Dungeon Overview and Level Annotations

Branches:
Dungeon (7/15)
 Temple: D:4-7

Altars:
Elyvilon
Fedhas
Zin


Innate Abilities, Weirdness & Mutations

You have hooves in place of feet.
Armour fits poorly on your strangely shaped body.
You cover ground very quickly.
You have extremely tough skin. (AC +3)


Message History

You closely miss the orc warrior.
The orc warrior is almost dead.
The orc warrior barely misses you.
You hit the orc warrior.
The orc warrior is almost dead.
The orc warrior hits you but does no damage.
You hit the orc warrior but do no damage.
The orc warrior is almost dead.
You closely miss the orc warrior.
The orc warrior is almost dead.
The orc warrior barely misses you.
Okay, then.
You are feeling hungry.
You hit the orc warrior. Your kick misses the orc warrior.
The orc warrior is almost dead.
The orc warrior closely misses you.
You hit the orc warrior but do no damage.
The orc warrior is almost dead.
The orc warrior hits you with a war axe!
You die...

#.# #.# ###.#
#####.####
###...###...#....##
#...####..........##
##.#####............#
....................#
...#####............#
.### ##..........##
.### ##...##o@.##
...# ########## ...#
...# ####


You could see an orc warrior.

Vanquished Creatures
  2 phantoms (D:5)
  A centaur (D:6)
  A bullfrog (D:7)
  A scorpion (D:4)
  A crimson imp (D:5)
  2 jellies
  A bullfrog zombie (D:6)
  A hound (D:5)
  A quasit (D:4)
  2 gnoll shamans
  An iguana (D:6)
  2 bullfrog skeletons
  4 worker ants
  A worker ant zombie (D:5)
  Robin (D:4)
  13 gnolls
  3 river rats (D:5)
  7 adders
  An ooze (D:3)
  9 worms
  A dart slug (D:1)
  2 leopard geckos
  2 orcs
  5 giant cockroaches
  11 goblins
  8 hobgoblins
  2 jackals (D:6)
  4 quokkas
  A ball python (D:4)
  4 bats
  10 frilled lizards
  7 kobolds
  A quokka skeleton (D:5)
  11 rats
124 creatures vanquished.

Notes
Turn   | Place    | Note
-------+----------+-------------------------------------------
     0 | Abyss:1  | Gargoyl the Centaur Abyssal Knight began the quest for the
                  | Orb.
     0 | Abyss:1  | Reached XP level 1. HP: 19/19 MP: 2/2
    38 | Abyss:1  | Noticed a spatial maelstrom
    39 | Abyss:1  | Noticed a spatial vortex
    39 | Abyss:1  | Noticed a spatial vortex
    48 | Abyss:1  | Noticed a spatial vortex
    60 | Abyss:1  | Noticed a spatial vortex
    61 | Abyss:1  | Noticed a spatial vortex
    61 | Abyss:1  | Noticed a spatial vortex
    61 | Abyss:1  | Noticed a spatial vortex
    62 | Abyss:1  | Noticed a spatial vortex
    62 | Abyss:1  | Noticed a small abomination
    65 | Abyss:1  | Noticed a spatial vortex
    67 | Abyss:1  | Noticed a spatial vortex
    69 | Abyss:1  | Noticed a spatial vortex
    70 | Abyss:1  | Noticed a spatial vortex
    70 | Abyss:1  | Noticed a spatial vortex
   138 | Abyss:1  | Noticed a small abomination
   142 | Abyss:1  | Noticed a small abomination
   189 | Abyss:2  | Noticed a small abomination
   191 | Abyss:2  | Noticed a smoke demon
   200 | Abyss:2  | Noticed an eye of draining
   205 | D:1      | Escaped the Abyss
   710 | D:1      | Reached skill level 1 in Dodging
   710 | D:1      | Reached XP level 2. HP: 26/26 MP: 3/3
   728 | D:1      | Reached * piety under Lugonu
  1658 | D:2      | Reached skill level 2 in Axes
  1698 | D:2      | Reached XP level 3. HP: 12/31 MP: 4/4
  2859 | D:3      | Reached XP level 4. HP: 34/39 MP: 5/5
  2928 | D:3      | Reached ** piety under Lugonu
  3692 | D:4      | Reached XP level 5. HP: 46/46 MP: 7/7
  3787 | D:4      | Reached skill level 3 in Axes
  3838 | D:4      | Noticed Robin
  3874 | D:4      | Killed Robin
  4182 | D:4      | Found a blossoming altar of Fedhas.
  4688 | D:5      | Entered Level 5 of the Dungeon
  4704 | D:5      | Noticed a phantom
  4746 | D:5      | Killed a phantom
  4746 | D:5      | Reached XP level 6. HP: 16/52 MP: 8/8
  5038 | D:5      | Found a white marble altar of Elyvilon.
  5116 | D:5      | Reached XP level 7. HP: 29/59 MP: 9/9
  5291 | D:5      | HP: 2/59 [phantom (4)]
  5636 | D:5      | Reached skill level 4 in Axes
  5968 | D:5      | Reached *** piety under Lugonu
  6723 | D:6      | Found a glowing silver altar of Zin.
  6778 | D:6      | Reached XP level 8. HP: 5/67 MP: 11/11
  7340 | D:7      | Reached skill level 5 in Axes
  7816 | D:6      | Slain by an orc warrior

Skill      XL: |  1  2  3  4  5  6  7  8 |
---------------+-------------------------+-----
Dodging        | 1 2 3 |  3.5
Axes           | 2 3 4 5 |  5.1
Armour         | 2 3 |  3.1
Invocations    | 3 4 |  4.4
Fighting       | 4 |  4.7

Action                   |  1- 3 |  4- 6 |  7- 9 || total
-------------------------+-------+-------+-------++-------
Melee: Hand axe          |   135 |   205 |   249 ||   589
       Trident           |     8 |       |       ||     8
       Kick              |    20 |    43 |    58 ||   121
Invok: Depart the Abyss  |     1 |       |       ||     1
       Bend Space        |       |       |     1 ||     1
  Use: Scroll            |     8 |     5 |     2 ||    15
       Potion            |     2 |     6 |     1 ||     9
  Eat: Chunk             |     4 |     6 |     5 ||    15
       Ration            |       |       |     1 ||     1
Armor: Leather armour    |    67 |   150 |   107 ||   324
Dodge: Dodged            |    57 |   146 |   129 ||   332
